3L
ATHLETIC CLUB KC @ TOLEDO STINGERS
08/07/2039
 
TOP OF THE 1ST
Athletic Club KC batting - Pitching for Toledo Stingers : RHP Kini Grinter
Pitching: RHP Kini Grinter
Batting: LHB César Núñez 0-0: Ball
1-0: Ball
2-0: Swinging Strike
2-1: DOUBLE (Line Drive, 5D, EV 94.4 MPH)
Batting: LHB Todd Baker 0-0: Ball
1-0: Ball
2-0: Ball
3-0: Base on Balls
Batting: SHB Shiki Sanu 0-0: Foul Ball, location: 2F
0-1: Ball
1-1: Ball
2-1: Ball
3-1: Ground out 4-3 (Groundball, 4S, EV 65.0 MPH)
César Núñez to third
Todd Baker to second
Batting: LHB Héctor Velázquez 0-0: Ball
1-0: Ball
2-0: Ball
3-0: Base on Balls
Batting: LHB José Rodríguez 0-0: Swinging Strike
0-1: Ball
1-1: Foul Ball, location: 2F
1-2: Strikes out looking
Batting: LHB Pablo Hernández 0-0: Ground out U3 (Groundball, 34, EV 85.6 MPH)
Top of the 1st over - 0 runs, 1 hit, 0 errors, 3 left on base; Athletic Club KC 0 - Toledo 0
BOTTOM OF THE 1ST
Toledo Stingers batting - Pitching for Athletic Club KC : RHP Scotty Bingham
Pitching: RHP Scotty Bingham
Batting: RHB Jesús Morán 0-0: Ball
1-0: Fly out, F9 (Flyball, 9LMF, EV 100.6 MPH)
Batting: RHB Alfredo Martínez 0-0: Ball
1-0: DOUBLE (Groundball, 5L, EV 105.0 MPH)
Batting: LHB Pedro Serano 0-0: Foul Ball, location: 2F
0-1: SINGLE (Groundball, 25, EV 66.2 MPH) (infield hit)
Alfredo Martínez to third
Batting: SHB Ricky Sellers 0-0: Ball
1-0: Ball
2-0: Ball
3-0: Called Strike
3-1: Reached on error, E3 (Groundball, 3, EV 88.8 MPH)
Alfredo Martínez scores
Pedro Serano to second
Batting: LHB Dan Hines 0-0: Called Strike
0-1: Called Strike
0-2: Ball
1-2: Fly out, F9 (Flyball, 89M, EV 88.1 MPH)
Batting: RHB Sze Qi 0-0: Ball
1-0: Called Strike
1-1: Foul Ball, location: 2F
1-2: Ball
2-2: Strikes out swinging
Bottom of the 1st over - 1 run, 2 hits, 1 error, 2 left on base; Athletic Club KC 0 - Toledo 1
TOP OF THE 2ND
Athletic Club KC batting - Pitching for Toledo Stingers : RHP Kini Grinter
Batting: RHB Ali Ben Bongo 0-0: Swinging Strike
0-1: Foul Ball, location: 2F
0-2: Ball
1-2: Foul Ball, location: 2F
1-2: Ground out 1-3 (Groundball, 13S, EV 69.4 MPH)
Batting: RHB Wade Tazewell 0-0: Called Strike
0-1: Called Strike
0-2: Ground out 3-1 (Groundball, 34S, EV 81.9 MPH)
Batting: RHB Armando Altagracia 0-0: Ground out 6-3 (Groundball, 6, EV 86.2 MPH)
Top of the 2nd over - 0 runs, 0 hits, 0 errors, 0 left on base; Athletic Club KC 0 - Toledo 1
BOTTOM OF THE 2ND
Toledo Stingers batting - Pitching for Athletic Club KC : RHP Scotty Bingham
Batting: LHB Snow Wang 0-0: Called Strike
0-1: Called Strike
0-2: Ball
1-2: Ball
2-2: Ball
3-2: Foul Ball, location: 2F
3-2: Fly out, F3 (Line Drive, 3, EV 63.8 MPH)
Batting: RHB Jorge Alvarado 0-0: Ball
1-0: Swinging Strike
1-1: Ground out 6-3 (Groundball, 6, EV 85.0 MPH)
Batting: RHB Álex Maroto 0-0: Foul Ball, location: 2F
0-1: Called Strike
0-2: Foul Ball, location: 2F
0-2: Ball
1-2: Ball
2-2: Strikes out swinging
Bottom of the 2nd over - 0 runs, 0 hits, 0 errors, 0 left on base; Athletic Club KC 0 - Toledo 1
TOP OF THE 3RD
Athletic Club KC batting - Pitching for Toledo Stingers : RHP Kini Grinter
Batting: LHB César Núñez 0-0: Called Strike
0-1: Ball
1-1: Called Strike
1-2: SINGLE (Groundball, 4D, EV 98.8 MPH)
Batting: LHB Todd Baker 0-0: Called Strike
0-1: Foul Ball, location: 2F
0-2: Fielders Choice at 2nd, 1-4 (Groundball, 25, EV 69.4 MPH)
Batting: SHB Shiki Sanu 0-0: Fly out, F8 (Flyball, 8LXD, EV 105.0 MPH)
Batting: LHB Héctor Velázquez 0-0: Ball
1-0: Fly out, F7 (Flyball, 7S, EV 96.9 MPH)
Top of the 3rd over - 0 runs, 1 hit, 0 errors, 1 left on base; Athletic Club KC 0 - Toledo 1
BOTTOM OF THE 3RD
Toledo Stingers batting - Pitching for Athletic Club KC : RHP Scotty Bingham
Batting: RHB Jesús Morán 0-0: Called Strike
0-1: Ball
1-1: Ball
2-1: Swinging Strike
2-2: Foul Ball, location: 2F
2-2: Ball
3-2: Foul Ball, location: 2F
3-2: Foul Ball, location: 2F
3-2: Fly out, F4 (Popup, 34D, EV 48.8 MPH)
Batting: RHB Alfredo Martínez 0-0: Foul Ball, location: 2F
0-1: Ball
1-1: Foul Ball, location: 2F
1-2: Fly out, F7 (Flyball, 7, EV 85.6 MPH)
Batting: LHB Pedro Serano 0-0: Called Strike
0-1: Ground out 1-3 (Groundball, P, EV 82.5 MPH)
Bottom of the 3rd over - 0 runs, 0 hits, 0 errors, 0 left on base; Athletic Club KC 0 - Toledo 1
TOP OF THE 4TH
Athletic Club KC batting - Pitching for Toledo Stingers : RHP Kini Grinter
Batting: LHB José Rodríguez 0-0: Ball
1-0: Ball
2-0: SINGLE (Groundball, 56D, EV 98.8 MPH)
Batting: LHB Pablo Hernández 0-0: Swinging Strike
0-1: Foul Ball, location: 2F
0-2: Strikes out swinging
Batting: RHB Ali Ben Bongo 0-0: Foul Ball, location: 2F
0-1: SINGLE (Line Drive, 9S, EV 103.8 MPH)
José Rodríguez to second
Batting: RHB Wade Tazewell 0-0: Ball
1-0: Called Strike
1-1: Swinging Strike
1-2: Grounds into double play, 6-4-3 (Groundball, 6, EV 103.1 MPH)
Top of the 4th over - 0 runs, 2 hits, 0 errors, 1 left on base; Athletic Club KC 0 - Toledo 1
BOTTOM OF THE 4TH
Toledo Stingers batting - Pitching for Athletic Club KC : RHP Scotty Bingham
Batting: SHB Ricky Sellers 0-0: Ball
1-0: Swinging Strike
1-1: Called Strike
1-2: Strikes out swinging
Batting: LHB Dan Hines 0-0: Swinging Strike
0-1: Ball
1-1: Ball
2-1: Ball
3-1: Base on Balls
Batting: RHB Sze Qi 0-0: Ball
1-0: Ball
2-0: Ball
3-0: Base on Balls
Dan Hines to second
Batting: LHB Snow Wang 0-0: Called Strike
0-1: Ball
1-1: Fielders Choice at 2nd, 1-6 (Groundball, 13S, EV 70.6 MPH)
Dan Hines to third
Batting: RHB Jorge Alvarado 0-0: Fly out, F7 (Flyball, 78S, EV 89.4 MPH)
Bottom of the 4th over - 0 runs, 0 hits, 0 errors, 2 left on base; Athletic Club KC 0 - Toledo 1
TOP OF THE 5TH
Athletic Club KC batting - Pitching for Toledo Stingers : RHP Kini Grinter
Batting: RHB Armando Altagracia 0-0: Called Strike
0-1: Fly out, F7 (Flyball, 7S, EV 88.8 MPH)
Batting: LHB César Núñez 0-0: Called Strike
0-1: Called Strike
0-2: Foul Ball, location: 2F
0-2: Ball
1-2: Foul Ball, location: 2F
1-2: Ball
2-2: Ground out 5-3 (Groundball, 56, EV 88.1 MPH)
Batting: LHB Todd Baker 0-0: Ball
1-0: Ball
2-0: Swinging Strike
2-1: SINGLE (Line Drive, 7S, EV 91.2 MPH)
Batting: SHB Shiki Sanu 0-0: Ball
1-0: Ball
2-0: Ball
3-0: Called Strike
3-1: Ground out 1-3 (Groundball, 23, EV 86.2 MPH)
Top of the 5th over - 0 runs, 1 hit, 0 errors, 1 left on base; Athletic Club KC 0 - Toledo 1
BOTTOM OF THE 5TH
Toledo Stingers batting - Pitching for Athletic Club KC : RHP Scotty Bingham
Batting: RHB Álex Maroto 0-0: Swinging Strike
0-1: Swinging Strike
0-2: Strikes out swinging
Batting: RHB Jesús Morán 0-0: Swinging Strike
0-1: Swinging Strike
0-2: Ball
1-2: Strikes out swinging
Batting: RHB Alfredo Martínez 0-0: SINGLE (Groundball, 4, EV 99.4 MPH) (infield hit)
Batting: LHB Pedro Serano 0-0: Ball
1-0: Ball
2-0: Fly out, F8 (Flyball, 8LM, EV 90.6 MPH)
Bottom of the 5th over - 0 runs, 1 hit, 0 errors, 1 left on base; Athletic Club KC 0 - Toledo 1
TOP OF THE 6TH
Athletic Club KC batting - Pitching for Toledo Stingers : RHP Kini Grinter
Batting: LHB Héctor Velázquez 0-0: Foul Ball, location: 2F
0-1: Foul Ball, location: 2F
0-2: Ball
1-2: Ball
2-2: Strikes out swinging
Batting: LHB José Rodríguez 0-0: Foul Ball, location: 2F
0-1: Ball
1-1: Swinging Strike
1-2: Ball
2-2: Ball
3-2: Foul Ball, location: 2F
3-2: Base on Balls
Batting: LHB Pablo Hernández 0-0: Ball
1-0: SINGLE (Flyball, 8RS, EV 88.1 MPH)
José Rodríguez to second
Batting: RHB Ali Ben Bongo 0-0: Foul Ball, location: 2F
0-1: Ball
1-1: Grounds into double play, 4-6-3 (Groundball, 4, EV 105.0 MPH)
Top of the 6th over - 0 runs, 1 hit, 0 errors, 1 left on base; Athletic Club KC 0 - Toledo 1
BOTTOM OF THE 6TH
Toledo Stingers batting - Pitching for Athletic Club KC : RHP Scotty Bingham
Batting: SHB Ricky Sellers 0-0: Called Strike
0-1: Called Strike
0-2: Strikes out swinging
Batting: LHB Dan Hines 0-0: Ball
1-0: Ball
2-0: Called Strike
2-1: Ball
3-1: Foul Ball, location: 2F
3-2: Foul Ball, location: 2F
3-2: DOUBLE (Line Drive, 9LM, EV 105.0 MPH)
Batting: RHB Sze Qi 0-0: Ball
1-0: DOUBLE (Line Drive, 7LD, EV 97.5 MPH)
Dan Hines scores
Batting: LHB Snow Wang 0-0: Called Strike
Sze Qi steals 3rd base
0-1: Ball
1-1: Ball
2-1: Ball
3-1: Base on Balls
Pitching: LHP Francisco González
Batting: RHB Jorge Alvarado 0-0: Called Strike
0-1: Foul Ball, location: 2F
0-2: Foul Ball, location: 2F
0-2: Ball
1-2: Ball
2-2: Strikes out swinging
Batting: RHB Álex Maroto 0-0: Called Strike
0-1: Ball
1-1: Called Strike
1-2: Ball
2-2: Ball
3-2: Strikes out looking
Bottom of the 6th over - 1 run, 2 hits, 0 errors, 2 left on base; Athletic Club KC 0 - Toledo 2
TOP OF THE 7TH
Athletic Club KC batting - Pitching for Toledo Stingers : RHP Kini Grinter
Batting: RHB Wade Tazewell 0-0: Called Strike
0-1: Swinging Strike
0-2: Ball
1-2: Foul Ball, location: 2F
1-2: Strikes out swinging
Pitching: RHP Ron Manning
Batting: RHB Armando Altagracia 0-0: SINGLE (Groundball, 4MD, EV 100.6 MPH)
Batting: LHB César Núñez 0-0: Ball
1-0: Foul Ball, location: 2F
1-1: Swinging Strike
1-2: Ball
2-2: Strikes out looking
Batting: LHB Todd Baker Pickoff Throw to First - Error! E1
Armando Altagracia to second
0-0: Swinging Strike
0-1: Swinging Strike
0-2: Foul Ball, location: 2F
0-2: Ball
1-2: Ball
2-2: Ball
3-2: Ground out 1-3 (Groundball, 13S, EV 68.1 MPH)
Top of the 7th over - 0 runs, 1 hit, 1 error, 1 left on base; Athletic Club KC 0 - Toledo 2
BOTTOM OF THE 7TH
Toledo Stingers batting - Pitching for Athletic Club KC : LHP Francisco González
Pitching: RHP Taalay Ibragimov
Batting: RHB Jesús Morán 0-0: Ball
1-0: Ball
2-0: Ball
3-0: Called Strike
3-1: Called Strike
3-2: SINGLE (Groundball, 34D, EV 98.1 MPH)
Batting: RHB Alfredo Martínez 0-0: Bunted foul
0-1: Bunted foul
0-2: Ball
1-2: Strikes out swinging
Batting: LHB Pedro Serano 0-0: Called Strike
0-1: Ball
1-1: Ball
2-1: Ball
3-1: Called Strike
3-2: 2-RUN HOME RUN (Flyball, 78XD, EV 94.4 MPH), Distance : 452 ft
Batting: SHB Ricky Sellers 0-0: Ball
1-0: Called Strike
1-1: Foul Ball, location: 2F
1-2: Foul Ball, location: 2F
1-2: Fly out, F6 (Popup, P, EV 81.9 MPH)
Batting: LHB Dan Hines 0-0: Ball
1-0: Swinging Strike
1-1: Ground out 4-3 (Groundball, 4, EV 94.4 MPH)
Bottom of the 7th over - 2 runs, 2 hits, 0 errors, 0 left on base; Athletic Club KC 0 - Toledo 4
TOP OF THE 8TH
Athletic Club KC batting - Pitching for Toledo Stingers : RHP Ron Manning
Batting: SHB Shiki Sanu 0-0: Called Strike
0-1: Fly out, F8 (Flyball, 8LM, EV 87.5 MPH)
Batting: LHB Héctor Velázquez 0-0: Ball
1-0: Ball
2-0: Called Strike
2-1: Ball
3-1: Foul Ball, location: 2F
3-2: Strikes out swinging
Batting: LHB José Rodríguez 0-0: Swinging Strike
0-1: Ball
1-1: Ball
2-1: Ball
3-1: Called Strike
3-2: Strikes out swinging
Top of the 8th over - 0 runs, 0 hits, 0 errors, 0 left on base; Athletic Club KC 0 - Toledo 4
BOTTOM OF THE 8TH
Toledo Stingers batting - Pitching for Athletic Club KC : RHP Taalay Ibragimov
Batting: RHB Sze Qi 0-0: Ball
1-0: Foul Ball, location: 2F
1-1: Swinging Strike
1-2: SINGLE (Line Drive, 7S, EV 111.2 MPH)
Batting: LHB Snow Wang 0-0: Bunted foul
0-1: Bunted foul
0-2: Ball
1-2: Strikes out swinging
Batting: RHB Jorge Alvarado 0-0: Called Strike
0-1: Called Strike
0-2: Foul Ball, location: 2F
0-2: Strikes out swinging
Pitching: LHP Ben Skelton
Batting: RHB Álex Maroto 0-0: Ground out 4-3 (Groundball, 4, EV 92.5 MPH)
Bottom of the 8th over - 0 runs, 1 hit, 0 errors, 1 left on base; Athletic Club KC 0 - Toledo 4
TOP OF THE 9TH
Athletic Club KC batting - Pitching for Toledo Stingers : RHP Ron Manning
Batting: LHB Pablo Hernández 0-0: Called Strike
0-1: Fly out, F8 (Line Drive, 8RM, EV 86.2 MPH)
Batting: RHB Ali Ben Bongo 0-0: Ball
1-0: Ball
2-0: Called Strike
2-1: Ball
3-1: SINGLE (Line Drive, 89M, EV 91.2 MPH)
Pitching: RHP Austin Aries
Batting: RHB Wade Tazewell 0-0: Ball
1-0: Ball
2-0: Fly out, F9 (Flyball, 9LD, EV 102.5 MPH)
Batting: RHB Armando Altagracia 0-0: Swinging Strike
0-1: SINGLE (Groundball, 5, EV 103.1 MPH) (infield hit)
Ali Ben Bongo to second
Batting: LHB César Núñez 0-0: Foul Ball, location: 2F
0-1: Ball
1-1: Ground out 4-3 (Groundball, 4, EV 99.4 MPH)
Top of the 9th over - 0 runs, 2 hits, 0 errors, 2 left on base; Athletic Club KC 0 - Toledo 4
Wednesday, July 8th, 2020 - OOTP Baseball 20.8 Build 74